 Dungeon Crawl Stone Soup version 0.32-a0-119-g2e8054a (webtiles) character file.

Game seed: 760860837946835479

955 Dorkslayer the Ruffian (level 8, -9/54 HPs)
             Began as an Octopode Fighter on Feb 6, 2024.
             Mangled by a water moccasin (10 damage)
             ... on level 6 of the Dungeon.
             The game lasted 00:11:09 (4750 turns).

Dorkslayer the Ruffian (Octopode Fighter)           Turns: 4750, Time: 00:11:10

Health: -9/54      AC: -3    Str: 17    XL:     8   Next: 14%
Magic:  17/17      EV: 13    Int: 11    God:
Gold:   251        SH:  5    Dex: 11    Spells: 7/7 levels left

rFire   . .          .
                       - Unarmed
rCold   . . .        a - +1 buckler
rNeg    . . .        (helmet restricted)
rPois   +            (no amulet)
rElec   .            e - ring of willpower
rCorr   .            g - ring of magical power
SInv    .            n - ring of poison resistance
Will    ++...        p - ring of willpower
Stlth   ++++         (no ring)
HPRegen 0.29/turn    (no ring)
MPRegen 0.15/turn    (no ring)
                     (no ring)

%: random rage (3%)
@: corroded
A: almost no armour, amphibious, 8 rings, camouflage 1, gelatinous body 1,
(nimble swimmer 1), tentacles, berserk 1, wild magic 1
a: no special abilities


You were on level 6 of the Dungeon.
You visited 1 branch of the dungeon, and saw 6 of its levels.

You collected 275 gold pieces.
You spent 24 gold pieces at shops.

Inventory:

Hand Weapons
 d - a +1 flail of holy wrath
 o - a +3 flail
Missiles
 i - a javelin (quivered)
 r - 3 boomerangs
Armour
 a - a +1 buckler (worn)
Jewellery
 e - a ring of willpower (left tentacle)
 g - a ring of magical power (right tentacle)
 n - a ring of poison resistance (on tentacle)
 p - a ring of willpower (on tentacle)
Scrolls
 b - a scroll of torment {unknown}
 f - 2 scrolls of immolation
 h - a scroll of silence {unknown}
 j - 2 scrolls of blinking
 m - a scroll of poison {unknown}
Potions
 c - 3 potions of curing
 k - 2 potions of enlightenment
 l - 2 potions of haste {unknown}


   Skills:
 + Level 3.7 Fighting
 + Level 0.6 Throwing
 + Level 4.2 Dodging
 + Level 4.5 Stealth
 + Level 3.7 Shields
 * Level 7.3 Unarmed Combat


You had 7 spell levels left.
You didn't know any spells.
Your spell library contained the following spells:

 Spells                   Type           Power      Damage    Failure   Level
 Apportation              Tloc           0%         N/A       50%         1
 Foxfire                  Conj/Fire      0%         2x1d4     50%         1
 Jinxbite                 Hex            0%         N/A       65%         2
 Alistair's Intoxication  Alch           0%         N/A       100%        5
 Plasma Beam              Fire/Air       0%         2x1d10    100%        6
 Starburst                Conj/Fire      0%         6d3       100%        6


Dungeon Overview and Level Annotations

Branches:
Dungeon (6/15)
 Temple: D:4-7

Altars:
Fedhas
Gozag
Trog
Wu Jian
The Shining One

Shops:
D:2 ?


Innate Abilities, Weirdness & Mutations

You cannot wear most types of armour.
You are amphibious.
You can wear up to eight rings at the same time.
Your skin changes colour to match your surroundings (Stealth+).
Your rubbery body absorbs attacks. (AC +1, EV +1)
((You are camouflaged when in or above water. (Stealth+)))
You have tentacles for arms and can constrict up to eight enemies at once.
You sometimes lose your temper in combat.
Your spells are a little harder to cast, but a little more powerful.


Message History

The jelly is almost dead.
The water moccasin bites you. The jelly closely misses you.
You tentacle-slap the jelly.
You kill the jelly!
You block the water moccasin's attack.
You closely miss the water moccasin. Your grab misses the water moccasin.
Your squeeze misses the water moccasin.
The water moccasin is lightly wounded.
The water moccasin bites you!
* * * LOW HITPOINT WARNING * * *
The water moccasin bites you.
* * * LOW HITPOINT WARNING * * *
You feel better. You block the water moccasin's attack.
You bludgeon the water moccasin! Your grab misses the water moccasin.
Your squeeze misses the water moccasin.
The water moccasin is heavily wounded.
The water moccasin barely misses you.
You barely miss the water moccasin. Your grab misses the water moccasin.
The water moccasin is heavily wounded.
The water moccasin misses you. You block the water moccasin's attack.
You closely miss the water moccasin. Your grab misses the water moccasin.
Your tentacle-slap misses the water moccasin.
The water moccasin is moderately wounded.
The water moccasin bites you.
* * * LOW HITPOINT WARNING * * *
You barely miss the water moccasin. You grab the water moccasin.
You squeeze the water moccasin!
The water moccasin is severely wounded.
You constrict the water moccasin. The water moccasin barely misses you.
You tentacle-slap the water moccasin but do no damage.
Your tentacle-slap misses the water moccasin.
The water moccasin is severely wounded.
You constrict the water moccasin. The water moccasin bites you.
* * * LOW HITPOINT WARNING * * *
You tentacle-slap the water moccasin but do no damage.
The water moccasin is severely wounded.
You constrict the water moccasin. The water moccasin bites you!
* * * LOW HITPOINT WARNING * * *
The water moccasin bites you!
You die...

#. ......... ####.
..........
.....##..........
..............[..
.................
.................
...................
...................
.(.....S@.....#.....
.......#......#.....
.......##.........#
.#(.... #..#..#...#
#(..>. #..#.##..#
##..####........#
#.# #....)...##
#......†..##
###<...))..#


You could see a water moccasin.

Vanquished Creatures
  Edmund (D:5)
  An orc warrior (D:6)
  An ogre (D:5)
  A scorpion (D:5)
  A bombardier beetle (D:4)
  A jelly (D:6)
  An orc priest (D:6)
  3 hounds
  A gnoll bouda (D:5)
  A sleepcap (D:5)
  Crazy Yiuf (D:2)
  4 iguanas
  An orc wizard (D:3)
  Robin (D:4)
  4 adders
  6 gnolls (D:5)
  2 ribbon worms (D:2)
  A dart slug (D:1)
  5 orcs
  7 ball pythons
  6 endoplasms
  A giant cockroach (D:2)
  18 goblins
  11 hobgoblins
  3 jackals (D:1)
  6 quokkas
  6 bats
  2 kobolds (D:4)
  6 rats
103 creatures vanquished.

Notes
Turn   | Place    | Note
-------+----------+-------------------------------------------
     0 | D:1      | Dorkslayer the Octopode Fighter began the quest for the
                  | Orb.
     0 | D:1      | Reached XP level 1. HP: 16/16 MP: 1/1
    18 | D:1      | Found a faded altar of an unknown god.
   187 | D:1      | You fall into a shaft and drop 1 floor!
   248 | D:2      | Reached XP level 2. HP: 9/21 MP: 2/2
   490 | D:2      | Found Giokuhoh's Magic Scroll Shop.
   502 | D:2      | Bought a scroll of identify for 24 gold pieces
   913 | D:2      | Found a runed translucent door.
   914 | D:2      | Noticed Crazy Yiuf
  1007 | D:2      | Reached XP level 3. HP: 26/26 MP: 3/3
  1283 | D:1      | Gained mutation: Your spells are a little harder to cast,
                  | but a little more powerful. [potion of mutation]
  1283 | D:1      | Gained mutation: You sometimes lose your temper in combat.
                  | [potion of mutation]
  1353 | D:1      | Reached skill level 1 in Stealth
  1864 | D:2      | Killed Crazy Yiuf
  1865 | D:2      | Reached skill level 3 in Unarmed Combat
  1865 | D:2      | Reached XP level 4. HP: 31/31 MP: 4/4
  2202 | D:3      | Reached XP level 5. HP: 36/36 MP: 5/5
  2793 | D:4      | Noticed Robin
  2821 | D:4      | Reached skill level 4 in Unarmed Combat
  2838 | D:4      | Killed Robin
  3106 | D:4      | Found an ornate altar of the Wu Jian Council.
  3121 | D:4      | Reached XP level 6. HP: 41/42 MP: 6/6
  3361 | D:4      | Found a bloodstained altar of Trog.
  3673 | D:5      | Entered Level 5 of the Dungeon
  3749 | D:5      | Noticed Edmund
  3767 | D:5      | Killed Edmund
  3768 | D:5      | Reached skill level 5 in Unarmed Combat
  3790 | D:5      | Reached XP level 7. HP: 28/46 MP: 7/7
  3896 | D:5      | Found an opulent altar of Gozag.
  4102 | D:5      | Found a glowing golden altar of the Shining One.
  4195 | D:5      | Reached skill level 6 in Unarmed Combat
  4546 | D:5      | Found a blossoming altar of Fedhas.
  4719 | D:6      | Reached skill level 7 in Unarmed Combat
  4719 | D:6      | Reached XP level 8. HP: 48/54 MP: 8/8
  4750 | D:6      | HP: 1/54 [water moccasin (9)]
  4750 | D:6      | Mangled by a water moccasin

Illustrated notes

Levels and vault maps discovered:
D:1:      minmay_arrival_three_doors, layout_basic, basic_ecumenical_altar,
          minmay_splitting_lines, minmay_hexomino_c4
D:2:      layout_loops_ring, serial_shops, shop, uniq_crazy_yiuf_cottage
D:3:      layout_loops_corners
D:4:      layout_loops_ring, trog_hazing_becter, nzn_wu_jian_contemplation,
          wad_floor_pattern_untrapped, hex_large,
          serial_library_hellmonk_small_corner, uniq_robin
D:5:      layout_loops_ring, nicolae_gozag_cash_rules_everything_around_me,
          nicolae_overflow_hidden_temple, nicolae_tso_swordbearing_angel,
          uniq_edmund
D:6:      layout_cave_pools, grunt_ministairs_9, guppyfry_shop_venom

Skill      XL: |  1  2  3  4  5  6  7 |
---------------+----------------------+-----
Stealth        | 1 2 3 4 |  4.5
Unarmed Combat | 3 4 5 7 |  7.3
Dodging        | 4 |  4.2
Fighting       | |  3.7
Throwing       | |  0.6
Shields        | |  3.7

Action                     |  1- 3 |  4- 6 |  7- 9 || total
---------------------------+-------+-------+-------++-------
  Melee: Unarmed           |    68 |    95 |    75 ||   238
         Tentacles         |    19 |    27 |    16 ||    62
         Constrict         |    18 |    29 |    17 ||    64
         Punch             |     5 |     6 |     5 ||    16
  Throw: Throwing net      |     1 |     1 |       ||     2
         Javelin           |       |       |     6 ||     6
    Use: Scroll            |     6 |     6 |       ||    12
         Potion            |     1 |     1 |     1 ||     3
   Stab: Sleeping          |     5 |     7 |     2 ||    14
 Armour: Skin              |    37 |    38 |    25 ||   100
  Dodge: Dodged            |    34 |    48 |    30 ||   112
  Block: Buckler           |    13 |    19 |    18 ||    50

Table legend: (Time is in decaauts)
 A = Elapsed time spent in this place.
 B = Non-inter-level travel time spent in this place.
 C = Inter-level travel time spent in this place.
 D = Time resting spent in this place.
 E = Time spent auto-exploring this place.
 F = Levels seen in this place.
 G = Mean time per level.
                   A        B        C        D        E       F      G
               +--------+--------+--------+--------+--------+-----+--------+
         Total |   4800 |   4800 |      0 |      0 |   3278 |   6 |  800.0 |
       Dungeon |   4800 |   4800 |      0 |      0 |   3278 |   6 |  800.0 |
               +--------+--------+--------+--------+--------+-----+--------+

Top non-repeatable levels by time:
     D:5: 1065 daAuts
     D:2: 1032 daAuts
     D:3: 897 daAuts
     D:4: 893 daAuts
     D:1: 857 daAuts
     D:6: 55 daAuts
